 Dungeon Crawl Stone Soup version 0.30-a0-469-g84de5afbc5 (webtiles) character file.

Game seed: 16406396971366905405

31 NinjaNoafa the Trooper (level 3, 0/33 HPs)
             Began as a Ghoul Monk on Dec 19, 2022.
             Slain by a gnoll
             ... wielding a +0 flail
              (1 damage)
             ... on level 1 of the Dungeon.
             The game lasted 00:01:11 (1164 turns).

NinjaNoafa the Trooper (Ghoul Monk)                 Turns: 1164, Time: 00:01:11

Health: 0/33       AC:  2    Str: 14    XL:     3   Next: 22%
Magic:  2/2        EV: 13    Int:  5    God:
Gold:   0          SH:  0    Dex: 13    Spells: 2/2 levels left

rFire   . . .      SeeInvis .    a - +0 falchion
rCold   + . .      Faith    .    (no shield)
rNeg    + + +      Spirit   .    b - +0 robe
rPois   ∞          Reflect  .    (no helmet)
rElec   .          Harm     .    (no cloak)
rCorr   .          Rampage  .    (no gloves)
Will    .....                    (no boots)
Stlth   ++........               (no amulet)
HPRegen 0.00/turn                (no ring)
MPRegen 0.08/turn                (no ring)

@: brilliant, inhibited regen
A: claws 1, cold resistance 1, negative energy resistance 3, inhibited
regeneration, torment resistance 2, devour on kill
a: no special abilities


You were on level 1 of the Dungeon.
You visited 1 branch of the dungeon, and saw 2 of its levels.

Inventory:

Hand Weapons
 a - a +0 falchion (weapon)
Missiles
 d - 18 stones (quivered)
Armour
 b - a +0 robe (worn)
Scrolls
 f - a scroll of brand weapon {unknown}
 g - a scroll of torment {unknown}
 h - a scroll of identify {unknown}


   Skills:
 + Level 3.7 Fighting
 - Level 3.1 Long Blades
 + Level 3.1 Dodging
 - Level 2.1 Stealth


You had 2 spell levels left.
You didn't know any spells.
Your spell library was empty.

Dungeon Overview and Level Annotations

Branches:
Dungeon (2/15)

Altars:


Innate Abilities, Weirdness & Mutations

You are immune to poison.
You have sharp fingernails.
Your flesh is cold resistant. (rC+)
You are immune to negative energy. (rN+++)
You do not regenerate when monsters are visible.
You are immune to unholy pain and torment.
You thrive by killing the living.


Message History

You feel agile. x2
Things that are here:
a +0 club; a gnoll corpse Done exploring.
There is a stone staircase leading down here.
You see here a +0 short sword.
You climb downwards.
The gnoll barely misses you.
A goblin comes into view. It is wielding a +0 dagger.
There is a stone staircase leading up here.
The goblin shouts!
You hit the gnoll but do no damage. The gnoll misses you.
You closely miss the gnoll. The gnoll closely misses you.
You hit the gnoll.
The gnoll is moderately wounded.
The gnoll hits you with a +0 flail. The gnoll barely misses you.
The gnoll hits you with a +0 flail.
There is a stone staircase leading up here.
The gnoll hits you with a +0 flail.
The gnoll hits you from afar with a +0 spear.
You climb upwards.
There is a stone staircase leading down here.
You see here a +0 short sword.
You barely miss the gnoll.
The gnoll is moderately wounded.
The gnoll barely misses you. The gnoll hits you with a +0 flail!
* * * LOW HITPOINT WARNING * * *
You hit the gnoll.
The gnoll is moderately wounded.
The gnoll barely misses you.
It was a potion of brilliance.
You feel clever all of a sudden. The gnoll closely misses you.
The gnoll attacks as you move away! The gnoll completely misses you.
As you read the scroll labelled AHIUTR EBBIOS, it crumbles to dust.
The creatures around you are filled with an inner flame!
It was a scroll of immolation.
The gnoll hits you with a +0 flail!
* * * LOW HITPOINT WARNING * * *
The gnoll attacks as you move away! The gnoll hits you with a +0 flail.
You die...

##..####.# #.#..# #..####
....# #.# #.#.## ##.....
##..####)# #.#.# #.####
#.....#'### #.#.# #.#
##.#.......# #.#.# #.#
.#.#.......## #.#.#######.#
.#.#........#### #.#.##......#
.+.#...........###.#.##.######
.###..^....###..@g)#....# .#
#.......# ####....##### .#
#.......# ##>......# .#
#####'### #.......# .# #.#
#.....[.# ## #.# #.......# #.#
#.......# #######.# #.......#
#.....#.# #.......#


You could see a gnoll (inner flame).

Vanquished Creatures
  A gnoll (D:1)
  An endoplasm (D:1)
  A goblin (D:1)
  4 hobgoblins (D:1)
  6 kobolds (D:1)
  A ball python (D:1)
  A bat (D:1)
  3 frilled lizards (D:1)
  5 rats (D:1)
23 creatures vanquished.

Notes
Turn   | Place    | Note
-------+----------+-------------------------------------------
     0 | D:1      | NinjaNoafa the Ghoul Monk began the quest for the Orb.
     0 | D:1      | Reached XP level 1. HP: 19/19 MP: 0/0
   301 | D:1      | Reached XP level 2. HP: 19/26 MP: 1/1
  1146 | D:1      | Reached XP level 3. HP: 33/33 MP: 2/2
  1163 | D:1      | HP: 1/33 [gnoll/+0 flail (7)]
  1164 | D:1      | Slain by a gnoll

Illustrated notes

Levels and vault maps discovered:
D:1:      dpeg_arrival_leaves_temple_mockup, layout_basic
D:2:      layout_loops_ring

Skill      XL: |  1  2 |
---------------+-------+-----
Long Blades    | 3 |  3.1
Dodging        | 3 |  3.1
Fighting       | |  3.7
Stealth        | |  2.1

Action                   || total
-------------------------++-------
Melee: Falchion          ||    90
  Use: Potion            ||     2
       Scroll            ||     1
 Stab: Sleeping          ||     3
Armor: Robe              ||    10
Dodge: Dodged            ||    63

Table legend: (Time is in decaauts)
 A = Elapsed time spent in this place.
 B = Non-inter-level travel time spent in this place.
 C = Inter-level travel time spent in this place.
 D = Time resting spent in this place.
 E = Time spent auto-exploring this place.
 F = Levels seen in this place.
 G = Mean time per level.
                   A        B        C        D        E       F      G
               +--------+--------+--------+--------+--------+-----+--------+
         Total |   1178 |   1158 |     20 |      0 |    912 |   2 |  589.0 |
       Dungeon |   1178 |   1158 |     20 |      0 |    912 |   2 |  589.0 |
               +--------+--------+--------+--------+--------+-----+--------+

Top non-repeatable levels by time:
     D:1: 1135 daAuts
     D:2: 43 daAuts
